 Dungeon Crawl Stone Soup version 0.30-a0-618-gd6c86c2 (webtiles) character file.

Game seed: 7344422302992885546

46764 milkiemew the Carver (level 14, -3/109 (111) HPs)
             Began as a Demonspawn Gladiator on Jan 8, 2023.
             Was a High Priest of Makhleb.
             Slain by a yak (6 damage)
             ... on level 5 of the Lair of Beasts on Jan 9, 2023.
             The game lasted 01:53:31 (18338 turns).

milkiemew the Carver (Demonspawn Gladiator)        Turns: 18338, Time: 01:53:32

HP:   -3/109 (111)  AC: 27    Str: 23    XL:     14   Next: 6%
MP:   16/16         EV: 13    Int:  9    God:    Makhleb [*****.]
Gold: 729           SH:  0    Dex: 14    Spells: 13/13 levels left

rFire   + . .      SeeInvis .    W - +2 great sword (heavy)
rCold   + . .      Faith    +    (shield currently unavailable)
rNeg    . . .      Spirit   .    d - +6 scale mail {rF+}
rPois   +          Reflect  .    (helmet restricted)
rElec   .          Harm     .    I - +1 cloak
rCorr   .          Rampage  .    (gloves unavailable)
Will    +....                    M - +0 pair of boots
Stlth   +                        F - amulet of faith
HPRegen 0.38/turn                m - ring of poison resistance
MPRegen 0.15/turn                n - ring of protection from cold

@: sanguine armoured, lightly drained
A: claws 3, foul stench 3, powered by death 1, augmentation 1, sanguine armour
2, antennae 1, talons 1, strong 1, MP-powered wands
a: Renounce Religion, Minor Destruction, Lesser Servant of Makhleb, Major
Destruction, Greater Servant of Makhleb


You were on level 5 of the Lair of Beasts.
You worshipped Makhleb.
Makhleb was extremely pleased with you.
You visited 3 branches of the dungeon, and saw 18 of its levels.
You also visited: Sewer.

You collected 931 gold pieces.
You spent 202 gold pieces at shops.

Inventory:

Hand Weapons
 p - the +10 war axe of Urgency {holy, *Rage rElec Int+2}
   (You took it off an orc wizard on level 3 of the Dungeon)

   Int:       It affects your intelligence (+2).
   rElec:     It insulates you from electricity.
   *Rage:     It berserks you when you make melee attacks (+20% chance).
 r - the +11 trident of Burning Defiance {venom, rF+ Int+4}
   (You found it on level 2 of the Lair of Beasts)

   Int:       It affects your intelligence (+4).
   rF:        It protects you from fire.
 x - a +1 triple crossbow of draining
 W - a +2 heavy great sword (weapon)
Missiles
 t - 3 javelins
 u - 2 boomerangs
 v - 51 poisoned darts (quivered)
 S - 4 datura-tipped darts
Armour
 c - a +0 helmet
 d - a +6 scale mail of fire resistance (worn)
 y - a +2 pair of gloves
 I - a +1 cloak (worn)
 M - a +0 pair of boots (worn)
Jewellery
 m - a ring of poison resistance (left claw)
 n - a ring of protection from cold (right claw)
 q - an amulet of regeneration
 A - a ring of see invisible
 E - a ring of protection from fire
 F - an amulet of faith (around neck)
Wands
 g - a wand of light (5)
 l - a wand of paralysis (24)
 w - a wand of roots (6)
 C - a wand of mindburst (4)
 G - a wand of digging (8)
Scrolls
 a - a scroll of immolation
 f - 7 scrolls of amnesia
 h - 2 scrolls of identify
 B - a scroll of fog
 N - a scroll of poison
 P - a scroll of vulnerability
 Q - a scroll of silence
 Z - a scroll of brand weapon
Potions
 i - 3 potions of degeneration
 j - 2 potions of attraction
 k - 4 potions of magic
 o - 2 potions of lignification
 s - 3 potions of brilliance
 z - a potion of berserk rage
 D - a potion of curing
 L - a potion of flight
 V - a potion of resistance
Miscellaneous
 b - a phial of floods


   Skills:
 + Level 10.7 Fighting
 + Level 14.0 Long Blades
 + Level 1.5 Maces & Flails
 + Level 8.2 Polearms
 + Level 5.2 Throwing
 + Level 9.5 Armour
 + Level 7.1 Dodging
 + Level 2.8 Stealth
 + Level 3.5 Invocations
 + Level 0.1 Evocations


You had 13 spell levels left.
You didn't know any spells.
Your spell library contained the following spells:

 Spells                   Type           Power      Damage    Failure   Level
 Apportation              Tloc           0%         N/A       65%         1
 Sting                    Tmut/Pois      0%         1d3       65%         1
 Poisonous Vapours        Pois/Air       0%         N/A       78%         2
 Scorch                   Fire           0%         2d5       78%         2
 Flame Wave               Conj/Fire      0%         2d4       100%        4
 Ice Form                 Ice/Tmut       0%         N/A       100%        4
 Olgreb's Toxic Radiance  Pois           0%         N/A       100%        4
 Alistair's Intoxication  Tmut/Pois      0%         N/A       100%        5
 Death Channel            Necr           0%         N/A       100%        6
 Simulacrum               Ice/Necr       0%         N/A       100%        6
 Summon Cactus Giant      Summ           0%         N/A       100%        6


Dungeon Overview and Level Annotations

Branches:
Dungeon (12/15)            Temple (1/1) D:6            Lair (5/5) D:11
  Swamp (0/4) Lair:2        Snake (0/4) Lair:2        Slime (0/5) Lair:4
  Sewer (visited)
    Orc: D:9-12

Altars:
Ashenzari
Cheibriados
Dithmenos
Fedhas
Gozag
Hepliaklqana
Kikubaaqudgha
Makhleb
Nemelex Xobeh
Okawaru
Qazlal
Ru
Sif Muna
Trog
Uskayaw
Vehumet
Wu Jian
Xom
Yredelemnul
Jiyva
Lugonu

Shops:
D:2 [   D:8 ([[*[

Portals:
Abyss: D:9

Annotations:
D:9
Abyss
Lair:2 exclusion: oklob plant
Lair:4 1 runed translucent door


Innate Abilities, Weirdness & Mutations

You have claws for hands.
You frequently emit foul miasma when damaged in melee.
You regenerate a little health from kills.
Your magical and physical power is slightly enhanced at high health.
When seriously injured, your blood forms thick armour. (AC +9)
You have a pair of small antennae on your head.
You have sharp toenails.
Your muscles are strong. (Str +4, Int/Dex -1)
You expend magic power (3 MP) to strengthen your wands.


Message History

The plant begins to die.
The yak completely misses you. The yak gores your neqoxec.
Your neqoxec barely misses the yak.
The cane toad closely misses you.
The vampire mosquito completely misses you.
The cane toad closely misses you.
You slice the cane toad like a ripe choko!!!
You kill the cane toad!
Makhleb accepts your kill.
You feel better. The vampire mosquito bites you.
The vampire mosquito draws strength from your injuries!
You emit a cloud of foul miasma!
The dream sheep enters a dispersal trap!
The yak blinks!
The komodo dragon blinks!
The dream sheep blinks!
The yak blinks!
The dream sheep blinks! x2; The yak blinks!
The cane toad blinks!
Something gores the plant.
The yak gores you. The yak barely misses your neqoxec.
Your neqoxec hits the yak!
The vampire mosquito bites you but does no damage.
The cane toad stings your neqoxec but does no damage.
The dream sheep barely misses you. The yak gores your neqoxec!
Something gores the plant!
The yak gores you!
* * * LOW HITPOINT WARNING * * *
You emit a cloud of foul miasma!
The vampire mosquito completely misses you.
The yak gores you.
* * * LOW HITPOINT WARNING * * *
Your neqoxec barely misses the cane toad.
You slash the yak!
The yak is moderately wounded.
A nearby fungus withers and dies.
The vampire mosquito closely misses you.
The cane toad closely misses your neqoxec.
The dream sheep shake their wool and sparkle.
You feel drowsy...
You fall asleep.
The vampire mosquito bites you!!
You wake up.
* * * LOW HITPOINT WARNING * * *
The vampire mosquito draws strength from your injuries!
The cane toad barely misses your neqoxec.
The yak gores you but does no damage.
The yak is engulfed in dark miasma.
The yak is poisoned.
The yak gores you.
You die...

... ~.... ≈PY..#
~..... ###
~.....##.###
~~.....YY..##
~.P.§.YY@3F.###.
~~~....YyY#YP....
~≈~......Y§##{..P..
~~P....#.k#§#..#.Y.
~≈......?..Y.P..Y..
~~~..YlY.....k.....
~......F...........
~..~....^#........P
.........)#..P#...$


You could see a komodo dragon, 8 yaks, 2 cane toads, a rime drake, a vampire
mosquito, 4 dream sheep and a friendly neqoxec (summoned).

Vanquished Creatures
  Gastronok (Lair:3)
  2 catoblepae
  3 hydras
  3 two-headed ogres
  7 death yaks
  3 boulder beetles
  A bog body (Lair:2)
  A salamander (Lair:2)
  An ugly thing (D:12)
  A cyclops (D:12)
  2 black mambas
  The ghost of RazingBull the Trooper, a novice MiFi (D:5)
  6 elephants (Lair:1)
  12 cane toads
  A gargoyle (D:12)
  A torpor snail (Lair:5)
  Psyche (D:8)
  8 rime drakes
  2 kobold demonologists
  2 komodo dragons
  3 tengu conjurers (D:12)
  A polar bear (Lair:3)
  7 trolls
  A hornet (D:9)
  13 blink frogs
  58 yaks
  A water elemental (D:11)
  9 wyverns
  Grum (D:8)
  A steam dragon (D:9)
  A wraith (D:12)
  6 basilisks
  3 vampire mosquitoes (D:10)
  3 wargs (D:12)
  An acid dragon (D:12)
  8 water moccasins
  A sky beast (D:5)
  A black bear (D:6)
  2 ice beasts (D:6)
  2 orc warriors
  4 wolves (D:8)
  5 centaurs
  3 ogres
  A phantom (D:6)
  12 bullfrogs
  A kobold brigand (Sewer)
  4 gnoll sergeants
  3 scorpions
  5 wights
  5 killer bees
  4 electric eels (D:11)
  6 howler monkeys
  2 lava snakes (Lair:2)
  2 orc priests
  2 jellies
  2 gnoll boudas
  6 hounds
  Terence (D:3)
  7 iguanas
  10 orc wizards
  14 hell rats
  19 gnolls
  2 river rats (Sewer)
  8 adders
  A shadow imp (D:8)
  2 white imps (D:7)
  A worm (Sewer)
  23 orcs
  9 ball pythons
  8 bats
  12 endoplasms
  2 giant cockroaches
  2 goblins
  10 hobgoblins
  2 jackals (D:3)
  8 quokkas
  A frilled lizard (D:1)
  21 kobolds
  10 rats
  A lurking horror (D:9)
423 creatures vanquished.

Vanquished Creatures (collateral kills)
  A manticore (D:11)
1 creature vanquished.

Vanquished Creatures (others)
  37 fungi
  A lurking horror (D:9)
  47 plants
85 creatures vanquished.

Grand Total: 509 creatures vanquished

Notes
Turn   | Place    | Note
-------+----------+-------------------------------------------
     0 | D:1      | milkiemew the Demonspawn Gladiator began the quest for the
                  | Orb.
     0 | D:1      | Reached XP level 1. HP: 16/16 MP: 1/1
   134 | D:1      | Gained mutation: You may rarely emit foul miasma when
                  | damaged in melee. [demonic ancestry]
   134 | D:1      | Reached XP level 2. HP: 22/22 MP: 2/2
   480 | D:1      | Reached XP level 3. HP: 27/27 MP: 3/3
   750 | D:2      | Found Mufuf's Antique Armour Emporium.
   971 | D:2      | Found a shimmering blue altar of Sif Muna.
  1292 | D:2      | Became a worshipper of Sif Muna the Loreminder
  1444 | D:3      | Identified the +10 war axe of Urgency {holy, *Rage rElec
                  | Int+2}
  1454 | D:3      | Reached skill level 1 in Armour
  1454 | D:3      | Gained mutation: When seriously injured, your blood forms
                  | armour. (AC +9) [demonic ancestry]
  1454 | D:3      | Reached XP level 4. HP: 32/34 MP: 4/4
  1501 | D:3      | Identified the +3 scale mail of Ruexia {Int+4 Dex+2 SInv}
  1633 | D:3      | Noticed Terence
  1649 | D:3      | Killed Terence
  1995 | D:3      | Gained mutation: When seriously injured, your blood forms
                  | thick armour. (AC +9) [demonic ancestry]
  1995 | D:3      | Reached XP level 5. HP: 40/40 MP: 5/5
  1995 | D:3      | Found a glowing drain.
  2004 | Sewer    | Entered a sewer
  2057 | Sewer    | Reached skill level 1 in Stealth
  2093 | Sewer    | Reached * piety under Sif Muna
  2670 | D:4      | Gained mutation: You sometimes emit foul miasma when
                  | damaged in melee. [demonic ancestry]
  2670 | D:4      | Reached XP level 6. HP: 45/47 MP: 6/6
  3364 | D:4      | Found an ornate altar of the Wu Jian Council.
  3365 | D:4      | Found a hide-covered altar of Uskayaw.
  3369 | D:4      | Found an opulent altar of Gozag.
  3375 | D:4      | Found an ancient bone altar of Kikubaaqudgha.
  3375 | D:4      | Found a radiant altar of Vehumet.
  3375 | D:4      | Found a basalt altar of Yredelemnul.
  3375 | D:4      | Found a shimmering altar of Xom.
  3376 | D:4      | Found a sacrificial altar of Ru.
  3384 | D:4      | Found a broken altar of Ashenzari.
  3385 | D:4      | Found a sparkling altar of Nemelex Xobeh.
  3645 | D:5      | Entered Level 5 of the Dungeon
  3648 | D:5      | Reached skill level 5 in Polearms
  3697 | D:5      | Reached XP level 7. HP: 48/52 MP: 7/7
  3799 | D:5      | Reached ** piety under Sif Muna
  4120 | D:5      | Found a runed translucent door.
  4121 | D:5      | Noticed RazingBull's ghost (novice MiFi)
  4140 | D:6      | Found a staircase to the Ecumenical Temple.
  4152 | Temple   | Entered the Ecumenical Temple
  4232 | Temple   | Fell from the grace of Sif Muna
  4232 | Temple   | Became a worshipper of Makhleb the Destroyer
  4285 | D:6      | Gained mutation: You regenerate a little health from kills.
                  | [demonic ancestry]
  4285 | D:6      | Reached XP level 8. HP: 50/60 MP: 8/8
  4839 | D:6      | Found an iron altar of Okawaru.
  5475 | D:2      | Bought an embroidered cloak for 202 gold pieces
  5642 | D:6      | Reached * piety under Makhleb
  5700 | D:7      | Reached skill level 5 in Armour
  5700 | D:7      | Gained mutation: You have sharp fingernails. [demonic
                  | ancestry]
  5700 | D:7      | Reached XP level 9. HP: 32/67 MP: 9/9
  5876 | D:6      | Reached skill level 5 in Fighting
  6166 | D:7      | Reached skill level 1 in Long Blades
  6358 | D:7      | Reached ** piety under Makhleb
  6359 | D:7      | Reached skill level 2 in Long Blades
  6510 | D:8      | Found Noitit's Antique Weapon Boutique.
  7100 | D:8      | Identified a scroll of acquirement
  7100 | D:8      | Acquired a +2 heavy great sword
  7128 | D:8      | Reached skill level 3 in Long Blades
  7169 | D:8      | Found Paupraaf's Antique Armour Shop.
  7430 | D:8      | Found Tevepham's Armour Shoppe.
  7507 | D:8      | Found Mest's General Store.
  7524 | D:8      | Noticed Psyche
  7532 | D:8      | Killed Psyche
  7533 | D:8      | Reached skill level 4 in Long Blades
  7753 | D:8      | Found Ycingoja's Armour Shop.
  7940 | D:8      | Found a shimmering blue altar of Sif Muna.
  7941 | D:8      | Noticed Grum
  8022 | D:8      | Gained mutation: You have very sharp fingernails. [demonic
                  | ancestry]
  8022 | D:8      | Reached XP level 10. HP: 71/76 MP: 10/10
  8030 | D:8      | Killed Grum
  8031 | D:8      | Reached skill level 1 in Invocations
  8407 | D:9      | Paralysed by a hornet for 2 turns
  8408 | D:9      | Reached skill level 5 in Long Blades
  8765 | D:9      | Reached *** piety under Makhleb
  8766 | D:9      | Reached skill level 5 in Dodging
  8785 | D:9      | Reached skill level 6 in Long Blades
  8880 | D:10     | Entered Level 10 of the Dungeon
  9029 | D:9      | Upgraded the game from 0.30-a0-613-gdd512c7 to
                  | 0.30-a0-618-gd6c86c2
  9384 | D:9      | Found a one-way gate to the infinite horrors of the Abyss.
  9393 | D:9      | Found a corrupted altar of Lugonu.
  9566 | D:9      | Reached skill level 7 in Long Blades
  9833 | D:10     | Gained mutation: You frequently emit foul miasma when
                  | damaged in melee. [demonic ancestry]
  9833 | D:10     | Reached XP level 11. HP: 81/83 MP: 11/11
 10011 | D:10     | Reached skill level 8 in Long Blades
 10218 | D:10     | Was forgiven by Sif Muna
 10419 | D:10     | Noticed a catoblepas
 10440 | D:10     | Killed a catoblepas
 10516 | D:10     | Reached skill level 9 in Long Blades
 10699 | D:11     | Noticed a two-headed ogre
 10777 | D:11     | Noticed a two-headed ogre
 10788 | D:11     | Killed a two-headed ogre
 10886 | D:11     | Killed a two-headed ogre
 11704 | D:11     | Found a staircase to the Lair.
 11892 | D:5      | Killed RazingBull's ghost
 12174 | D:12     | Noticed a green ugly thing
 12182 | D:12     | Killed a green ugly thing
 12206 | D:12     | Reached **** piety under Makhleb
 12277 | D:12     | Noticed a boulder beetle
 12406 | D:12     | Killed a boulder beetle
 12407 | D:12     | Reached skill level 10 in Long Blades
 12486 | D:12     | Gained mutation: Your magical and physical power is
                  | slightly enhanced at high health. [demonic ancestry]
 12486 | D:12     | Reached XP level 12. HP: 88/92 MP: 13/13
 12506 | D:12     | Noticed a two-headed ogre
 12508 | D:12     | Noticed a stone giant
 12551 | D:12     | Killed a two-headed ogre
 12625 | D:12     | Noticed a two-headed ogre
 12722 | D:12     | Noticed a two-headed ogre
 12722 | D:12     | Noticed a two-headed ogre
 12766 | D:12     | Noticed a tengu warrior
 12771 | D:12     | Noticed a two-headed ogre
 12992 | Lair:1   | Entered Level 1 of the Lair of Beasts
 12992 | Lair:1   | Noticed a boulder beetle
 13014 | Lair:1   | Killed a boulder beetle
 13015 | Lair:1   | Reached skill level 1 in Maces & Flails
 13372 | Lair:1   | Reached skill level 11 in Long Blades
 13555 | Lair:1   | Reached ***** piety under Makhleb
 13773 | Lair:1   | Got the Compilation of Azure Diablerie
 13870 | Lair:1   | Reached skill level 12 in Long Blades
 14159 | Lair:2   | Found a staircase to the Swamp.
 14217 | Lair:2   | Reached XP level 13. HP: 39/101 MP: 15/15
 14504 | Lair:2   | Identified the +11 trident of Burning Defiance {venom, rF+
                  | Int+4}
 14677 | Lair:2   | Found a staircase to the Snake Pit.
 15678 | Lair:3   | Reached skill level 5 in Throwing
 15746 | Lair:3   | Noticed a cacodemon
 15747 | Lair:3   | HP: 4/102 [cacodemon[the player character] (8)]
 15752 | Lair:3   | Gained mutation: You do not regenerate when monsters are
                  | visible. [a cacodemon]
 15764 | Lair:3   | HP: 5/102 [black mamba (9)]
 15781 | Lair:3   | Gained mutation: You are robust. (+10% HP) [a cacodemon]
 15782 | Lair:3   | Gained mutation: You have sharp toenails. [a cacodemon]
 16195 | Lair:3   | Noticed Gastronok
 16255 | Lair:3   | Killed Gastronok
 16596 | Lair:3   | Reached skill level 10 in Fighting
 16813 | Lair:3   | Reached skill level 13 in Long Blades
 17308 | Lair:3   | Lost mutation: You are robust. (+10% HP) [potion of
                  | mutation]
 17308 | Lair:3   | Lost mutation: You do not regenerate when monsters are
                  | visible. [potion of mutation]
 17308 | Lair:3   | Gained mutation: You expend magic power (3 MP) to
                  | strengthen your wands. [potion of mutation]
 17308 | Lair:3   | Gained mutation: You have a pair of small antennae on your
                  | head. [potion of mutation]
 17308 | Lair:3   | Gained mutation: Your muscles are strong. (Str +4, Int/Dex
                  | -1) [potion of mutation]
 17404 | Lair:4   | Found a viscous altar of Jiyva.
 17405 | Lair:4   | Found a runed translucent door.
 17413 | Lair:4   | Found a staircase to the Slime Pits.
 18109 | Lair:4   | Gained mutation: You have claws for hands. [demonic
                  | ancestry]
 18109 | Lair:4   | Reached XP level 14. HP: 87/111 MP: 16/16
 18136 | Lair:4   | Reached skill level 14 in Long Blades
 18311 | Lair:5   | Entered Level 5 of the Lair of Beasts
 18338 | Lair:5   | HP: 3/109 [vampire mosquito (21)]
 18338 | Lair:5   | Slain by a yak

Illustrated notes

Levels and vault maps discovered:
D:1:      reono_arrival_mine, layout_loops_ring
D:2:      layout_rooms, serial_shops, nicolae_square_shop, basic_altar,
          serial_bayou_pond_a
D:3:      layout_basic, portal_sewer_entry_d, serial_forest,
          infiniplex_forest_clump_long, infiniplex_forest_zigzag_2,
          infiniplex_forest_lined_3, infiniplex_forest_side_room,
          infiniplex_forest_clump_small, infiniplex_forest_clump_small,
          infiniplex_forest_lined_3, infiniplex_forest_lined_3,
          infiniplex_forest_straight_2, infiniplex_forest_straight_1,
          minmay_misc_feat_pillars, chequers_serial_rivers_small_3, uniq_terence
D:4:      minmay_skewed_foursquare, layout_loops_ring, minitemple
D:5:      layout_rooms, ebering_ghost_reflecting_pool
D:6:      layout_basic, mainiacjoe_overflow_brackets, temple_fountains,
          chequers_serial_rivers_large_a, kennysheep_generic_room_7
D:7:      layout_basic
D:8:      layout_loops_ring, mainiacjoe_overflow_concentric_impassable,
          serial_shops, shop, shop, nicolae_shop_waterfront, shop, shop_statue,
          uniq_psyche, uniq_grum
D:9:      layout_loops_corners, amcnicky_altar_lugonu_corruption
D:10:     layout_loops_ring
D:11:     layout_irregular_city, lair_entry_dummy, serial_bayou_pond_e,
          kennysheep_boxes
D:12:     lemuel_castle_with_subvaults [lemuel_castle_interior_original],
          layout_stronghold, erik_orc_3, minivault_26
Temple:   nicolae_temple_two_arcs
Lair:1:   layout_roguey, grunt_megastairs_4, infiniplex_staircase_pool_2
Lair:2:   layout_loops_ring, skrybe_swamp_entry_bodies,
          nicolae_snake_entry_warm_welcome
Lair:3:   layout_small_grid, uniq_gastronok
Lair:4:   layout_cave_pods, slime_entry_2, special_room
          [special_room_mythical_zoo]
Lair:5:   minmay_lair_end_frog_pond, layout_misc_corridors

Skill      XL: |  1  2  3  4  5  6  7  8  9 10 11 12 13 14 |
---------------+-------------------------------------------+-----
Polearms       | 3 4 5 6 7 8 |  8.2
Dodging        | 3 4 5 6 7 |  7.1
Armour         | 1 2 3 5 6 7 8 9 |  9.5
Stealth        | 1 2 |  2.8
Fighting       | 3 4 6 8 9 10 | 10.7
Throwing       | 2 3 4 5 |  5.2
Long Blades    | 4 7 10 12 13 14 | 14.0
Invocations    | 1 2 3 |  3.5
Maces & Flails | 1 |  1.5
Evocations     | |  0.1

Action                   |  1- 3 |  4- 6 |  7- 9 | 10-12 | 13-15 || total
-------------------------+-------+-------+-------+-------+-------++-------
Melee: Trident           |   115 |   188 |   104 |       |     4 ||   411
       Punch             |       |     2 |     1 |       |     1 ||     4
       Halberd           |       |       |   122 |       |       ||   122
       Great sword       |       |       |   143 |   388 |   235 ||   766
       Morningstar       |       |       |    10 |     5 |       ||    15
 Fire: Triple crossbow   |       |       |       |       |     5 ||     5
Throw: Throwing net      |     3 |     1 |     1 |     1 |       ||     6
       Javelin           |       |    14 |    14 |    10 |     6 ||    44
       Boomerang         |       |       |    25 |     1 |     2 ||    28
       Dart              |       |       |    13 |    20 |    11 ||    44
Invok: Minor Destruction |       |       |     4 |     8 |       ||    12
       Lesser Servant of |       |       |       |     2 |     4 ||     6
       Greater Servant o |       |       |       |       |     1 ||     1
Evoke: Wand              |       |       |       |     2 |       ||     2
  Use: Scroll            |     5 |     7 |     8 |    12 |     5 ||    37
       Potion            |     4 |     1 |     2 |     3 |     9 ||    19
 Stab: Sleeping          |     3 |       |       |       |       ||     3
       Held in net/web   |     1 |       |       |       |       ||     1
Armor: Leather armour    |    30 |       |       |       |       ||    30
       Plate armour      |    11 |     2 |       |       |       ||    13
       Scale mail        |       |    75 |   288 |   430 |   271 ||  1064
Dodge: Dodged            |    43 |    95 |   301 |   376 |   300 ||  1115

Table legend: (Time is in decaauts)
 A = Elapsed time spent in this place.
 B = Non-inter-level travel time spent in this place.
 C = Inter-level travel time spent in this place.
 D = Time resting spent in this place.
 E = Time spent auto-exploring this place.
 F = Levels seen in this place.
 G = Mean time per level.
                   A        B        C        D        E       F      G
               +--------+--------+--------+--------+--------+-----+--------+
         Total |  19121 |  17486 |   1635 |    100 |   8477 |  19 | 1006.4 |
       Dungeon |  12990 |  11606 |   1384 |    100 |   5423 |  12 | 1082.5 |
        Temple |    124 |    124 |      0 |      0 |      0 |   1 |  124.0 |
          Lair |   5570 |   5319 |    251 |      0 |   2855 |   5 | 1114.0 |
         Sewer |    435 |    435 |      0 |      0 |    198 |   1 |  435.0 |
               +--------+--------+--------+--------+--------+-----+--------+

Top non-repeatable levels by time:
  Lair:3: 1802 daAuts
     D:8: 1761 daAuts
     D:9: 1410 daAuts
  Lair:2: 1368 daAuts
    D:11: 1264 daAuts
  Lair:1: 1252 daAuts
     D:4: 1183 daAuts
     D:6: 1144 daAuts
    D:10: 1139 daAuts
  Lair:4: 1117 daAuts
     D:7: 1014 daAuts
     D:3: 963 daAuts
     D:5: 926 daAuts
    D:12: 824 daAuts
     D:1: 737 daAuts
